 Dungeon Crawl Stone Soup version 0.25.0-9-g26727b657a (webtiles) character file.

Game seed: 17080236691860533969

16 Esekla the Charmwright (level 2, 19/19 HPs)
             Began as an Octopode Skald on June 19, 2020.
             Got out of the dungeon alive.
             The game lasted 00:03:53 (696 turns).

Esekla the Charmwright (Octopode Skald)              Turns: 696, Time: 00:03:53

Health: 19/19      AC:  1    Str: 10    XL:     2   Next: 58%
Magic:  5/5        EV: 14    Int: 15    God:
Gold:   53         SH:  0    Dex: 11    Spells: 5/5 levels left

rFire    . . .     SeeInvis .   a - +1 falchion
rCold    . . .     Gourm    .   (no shield)
rNeg     . . .     Faith    .   (helmet restricted)
rPois    .         Spirit   .   (no amulet)
rElec    .         Reflect  .   i - -4 ring of slaying (curse)
rCorr    .         Harm     .   (no ring)
MR       .....                  (no ring)
Stlth    ++........             (no ring)
HPRegen  0.06/turn              (no ring)
MPRegen  0.09/turn              (no ring)
                                (no ring)
                                (no ring)

@: no status effects
A: almost no armour, stealthy swim, amphibious, 8 rings, constrict 8, camouflage
1, gelatinous body 1
a: no special abilities


You escaped.
You were not hungry.

You visited 1 branch of the dungeon, and saw 1 of its levels.

You collected 53 gold pieces.

Inventory:

Hand Weapons
 a - a +1 falchion (weapon)
Jewellery
 i - a cursed -4 ring of slaying (left tentacle)
Scrolls
 g - a scroll of enchant weapon
Potions
 f - a potion of invisibility
Comestibles
 c - 2 rations


   Skills:
 + Level 2.1 Fighting
 * Level 2.1 Long Blades
 * Level 2.9 Dodging
 + Level 0.8 Stealth
 + Level 2.1 Spellcasting
   Level 3.0 Charms


You had 5 spell levels left.
You didn't know any spells.
Your spell library contained the following spells:

 Spells                   Type           Power        Failure   Level  Hunger
 Infusion                 Chrm           ##..         6%          1    #......
 Song of Slaying          Chrm           ##......     10%         2    ###....
 Shroud of Golubria       Chrm/Tloc      #.....       19%         2    ###....
 Ozocubu's Armour         Chrm/Ice       #.......     34%         3    ###....
 Spectral Weapon          Hex/Chrm       #.......     34%         3    ###....


Dungeon Overview and Level Annotations

Branches:
Dungeon (1/15)

Altars:


Innate Abilities, Weirdness & Mutations

You cannot wear most types of armour.
You are very stealthy in the water. (Stealth+)
You are amphibious.
You can wear up to eight rings at the same time.
You can use your tentacles to constrict eight enemies at once.
Your skin changes colour to match your surroundings (Stealth+).
Your rubbery body absorbs attacks. (AC +1, EV +1)


Message History

You drop a potion of degeneration.
As you read the scroll labeled LOYPTE BUPUXKI, it crumbles to dust.
It is a scroll of enchant weapon.
Your +0 falchion glows red for a moment.
As you read the scroll labeled WARUAD RUTH, it crumbles to dust.
It is a scroll of amnesia.
Forget Infusion, freeing 1 spell level for a total of 5? [Y]es or [N]o only, please.
Forget Infusion, freeing 1 spell level for a total of 5?
Your memory of Infusion unravels.
As you read the scroll labeled JASSIA XUDWOT, it crumbles to dust.
It is a scroll of enchant armour.
You aren't carrying any armour which can be enchanted further.
Unknown command.
Okay, then.
You see here a chain mail.
You see here a chain mail.
There is a staircase leading out of the dungeon here.
Are you sure you want to leave the Dungeon?
This will make you lose the game!
You have escaped!

#####...^...###.#####.......##..#
..##.....####.......####.....###.
###....###.............###....###
......##.....#######.....##....##
.....##....###...#.###....##...##
.....#[...##.....#...##....#....#
######...##...##.##..)##..(##...#
#........#...##...##...#....#...#
#...######...#..@..#...#....#...#
#...#....#...##...##...#....#...#
#...##...##...#####........##...#
#....#....##.........#######.[..#
##...##....###.....###.......!.##
##...........#######.....##....#
###....###.............###....##
#.##.....####.......####.....##
#..##.......######.##.......##


There were no monsters in sight!

Vanquished Creatures
  A giant cockroach (D:1)
  2 goblins (D:1)
  2 hobgoblins (D:1)
  6 bats (D:1)
  A frilled lizard (D:1)
  3 kobolds (D:1)
  A rat (D:1)
16 creatures vanquished.

Notes
Turn   | Place    | Note
-------+----------+-------------------------------------------
     0 | D:1      | Esekla the Octopode Skald began the quest for the Orb.
     0 | D:1      | Reached XP level 1. HP: 14/14 MP: 3/3
   241 | D:1      | Reached XP level 2. HP: 17/19 MP: 5/5
   696 | D:$      | Got out of the dungeon alive.

Illustrated notes

Levels and vault maps discovered:
D:1:      dpeg_arrival_circle_labyrinth_c, layout_loops_ring

Action                   || total
-------------------------++-------
Melee: Falchion          ||    27
       Constrict         ||     5
       Tentacles         ||     5
  Use: Scroll            ||     5
 Stab: Sleeping          ||     6
Armor: Skin              ||     7
Dodge: Dodged            ||    35
       Rpst.: Falchion   ||     7
